Map: Prion Terraces

Players

SuperÇaYann

  • Race: Protoss Protoss
  • League: Silver

lesha - Winner!

  • Race: Terran Terran
  • League: Silver

VOD

Have the link to the VOD?

Description

Time

  • Played on: Dec. 30, 2015, 9:15 a.m.
  • Length: 9:06
Show
View Real Time Build Order
Export as new Build Order

SuperÇaYann Protoss 

Build Orders: 1 Gate Expand 

Get SALT Encoding   

  12  0:01  Probe (Chrono Boost)  
  13  0:11  Probe (Chrono Boost)  
  14  0:19  Pylon  
  14  0:22  Probe (Chrono Boost)  
  15  0:37  Probe (Chrono Boost)  
  15  0:39  Gateway  
  16  0:47  Probe (Chrono Boost)  
  17  0:54  Assimilator  
  17  0:58  Probe (Chrono Boost)  
  18  1:09  Probe (Chrono Boost)  
  19  1:33  Nexus  
  19  1:36  Probe (Chrono Boost)  
  20  1:48  Cybernetics Core  
  20  1:51  Probe (Chrono Boost)  
  21  1:57  Assimilator  
  22  2:01  Probe (Chrono Boost)  
  22  2:10  Pylon  
  22  2:12  Probe (Chrono Boost)  
  23  2:26  Warp Gate (Chrono Boost)  
  23  2:28  Probe (Chrono Boost), Adept (Chrono Boost)  
  26  2:35  Forge  
  25  2:56  Adept (Chrono Boost)  
  25  2:59  Probe  
  25  3:00  Mothership Core  
  28  3:16  Photon Cannon  
  28  3:18  Probe  
  29  3:21  Probe  
  30  3:28  Protoss Ground Weapons Level 1  
  30  3:32  Pylon  
  30  3:35  Probe  
  30  3:36  Probe  
  32  3:49  Probe  
  32  3:50  Twilight Council  
  32  3:51  Probe  
  34  4:07  Gateway  
  34  4:08  Probe (Chrono Boost)  
  34  4:09  Probe (Chrono Boost)  
  36  4:21  Probe x2 (Chrono Boost)  
  38  4:24  Photon Cannon  
  38  4:26  Resonating Glaives  
  38  4:41  Probe (Chrono Boost)  
  38  4:42  Probe (Chrono Boost)  
  40  4:46  Robotics Facility  
  40  4:48  Stalker  
  42  4:57  Probe x2 (Chrono Boost)  
  44  5:04  Pylon  
  44  5:08  Probe x2 (Chrono Boost)  
  46  5:15  Pylon  
  46  5:16  Stalker  
  48  5:22  Protoss Ground Armor Level 1  
  48  5:28  Probe x2 (Chrono Boost)  
  50  5:33  Observer  
  50  5:34  Forge  
  51  5:38  Probe x2 (Chrono Boost)  
  53  5:45  Assimilator  
  53  5:50  Assimilator  
  53  6:01  Probe (Chrono Boost), Nexus  
  53  6:02  Probe (Chrono Boost), Pylon  
  55  6:11  Stalker  
  55  6:12  Stalker, Probe x2 (Chrono Boost)  
  61  6:24  Immortal  
  64  6:30  Pylon  
  64  6:34  Pylon  
  64  6:36  Adept x2  
  68  6:40  Protoss Ground Weapons Level 2  
  68  6:48  Pylon  
  68  6:49  Pylon  
  68  6:58  Adept x2  
  68  7:00  Photon Cannon  
  72  7:04  Photon Cannon  
  60  7:20  Adept x2  
  60  7:22  Immortal  
  68  7:28  Gateway  
  66  7:37  Pylon  
  56  7:39  Pylon  
  54  7:45  Adept x2  
  54  7:49  Mothership Core (Chrono Boost)  
  57  8:01  Gateway  
  57  8:02  Gateway  
  57  8:04  Probe (Chrono Boost)  
  58  8:06  Stalker x2  
  58  8:11  Warp Prism  
  64  8:26  Stalker  
  66  8:37  Stalker  
  66  8:38  Stalker  
  57  8:57  Stalker  
  57  8:58  Stalker x2  
Show
View Real Time Build Order
Export as new Build Order

lesha Terran - Winner!

Build Orders: Reaper Expand 

Get SALT Encoding   

  12  0:01  SCV  
  13  0:13  SCV  
  14  0:18  Supply Depot  
  14  0:25  SCV  
  15  0:40  SCV  
  15  0:41  Barracks  
  16  0:49  Refinery  
  16  0:52  SCV  
  17  1:04  SCV  
  18  1:16  SCV  
  19  1:29  Orbital Command  
  19  1:33  Reaper  
  20  1:45  Command Center  
  20  1:53  Supply Depot  
  20  1:58  SCV  
  21  2:05  Barracks Reactor  
  21  2:12  SCV  
  21  2:13  Refinery, Barracks  
  22  2:26  SCV  
  23  2:38  SCV  
  24  2:49  Marine x2  
  24  2:50  SCV  
  27  3:09  Factory  
  27  3:15  Barracks Reactor  
  27  3:16  Barracks  
  27  3:21  Orbital Command  
  27  3:27  Marine  
  27  3:28  Marine  
  27  3:33  SCV  
  30  3:46  SCV  
  30  3:47  SCV  
  32  3:52  Marine x3  
  32  3:53  Marine  
  36  3:56  Widow Mine  
  36  3:58  SCV  
  36  3:59  SCV  
  40  4:05  Barracks  
  40  4:07  Barracks  
  40  4:09  Starport  
  40  4:10  SCV, Barracks Tech Lab, Marine  
  40  4:11  SCV, Marine x2  
  45  4:30  Supply Depot  
  45  4:31  Supply Depot x2  
  45  4:33  SCV  
  45  4:34  Supply Depot, Engineering Bay  
  46  4:40  Factory Tech Lab  
  46  4:43  Stimpack  
  46  4:48  Engineering Bay  
  46  4:52  SCV x2  
  48  4:53  Marine  
  48  4:54  Marine x3  
  48  4:58  Barracks Reactor x2  
  52  5:00  Starport Reactor  
  52  5:04  SCV x2  
  54  5:13  Refinery  
  54  5:16  SCV x2, Refinery, Marine x4  
  54  5:20  Marauder  
  62  5:26  Missile Turret  
  62  5:33  Terran Infantry Armor Level 1, Missile Turret  
  62  5:34  Terran Infantry Weapons Level 1  
  62  5:48  Medivac  
  64  5:52  Marine x4  
  64  5:53  Marine x4  
  64  5:55  Marauder  
  74  6:05  Medivac  
  74  6:10  Marine x3  
  79  6:11  SCV x2  
  81  6:23  SCV x2  
  83  6:26  Marine x3  
  86  6:33  Marine x2  
  86  6:34  Marine  
  86  6:35  Marine  
  90  6:45  Armory, Medivac  
  90  6:46  Command Center  
  92  6:50  Marine x3  
  79  7:20  Marine x2  
  79  7:21  Marine x7  
  79  7:22  Medivac x2  
  76  7:40  Marauder  
  75  7:53  Marine x6  
  75  7:54  Marine x2  
  75  7:55  Medivac x2  
  87  8:01  Orbital Command, Marine  
  87  8:04  SCV x2  
  90  8:16  SCV x2  
  92  8:20  Marine x2  
  92  8:21  Marine  
  95  8:28  SCV x2  
Tags
 
Add a new tag
Caveats
  • Supply blocks, unpowered buildings, or Contaminate may cause inaccurate times.
  • Supply counts are checked every 10 seconds.